 Dungeon Crawl Stone Soup version 0.26-a0-649-gf8c6c3aab7 (webtiles) character file.

Game seed: 8442850752282203015

114 TigOlBitties the Magician (level 4, -2/24 HPs)
             Began as a Deep Elf Air Elementalist on Sept 27, 2020.
             Slain by an ice beast (12 damage)
             ... on level 2 of the Dungeon.
             The game lasted 00:04:12 (2080 turns).

TigOlBitties the Magician (DEAE)                    Turns: 2080, Time: 00:04:13

Health: -2/24      AC:  2    Str:  5    XL:     4   Next: 66%
Magic:  9/12       EV: 13    Int: 21    God:
Gold:   102        SH:  0    Dex: 15    Spells: 6/12 levels left

rFire    . . .     SeeInvis .   h - staff of death
rCold    . . .     Faith    .   (no shield)
rNeg     + . .     Spirit   .   a - +0 robe
rPois    .         Reflect  .   (no helmet)
rElec    .         Harm     .   (no cloak)
rCorr    .         Rampage  .   (no gloves)
MR       .....                  (no boots)
Stlth    ++........             (no amulet)
HPRegen  0.08/turn              (no ring)
MPRegen  0.13/turn              (no ring)

@: no status effects
A: no striking features
a: no special abilities


You were on level 2 of the Dungeon.
You visited 1 branch of the dungeon, and saw 2 of its levels.

You collected 102 gold pieces.

Inventory:

Hand Weapons
 c - a +2 short sword of draining
Armour
 a - a +0 robe (worn)
Magical Staves
 h - an uncursed staff of death (weapon)
Jewellery
 b - an uncursed ring of protection from cold {unknown}
Wands
 i - a wand of flame (14)
Scrolls
 d - 3 scrolls of fog {unknown}
 e - a scroll of enchant armour {unknown}
 f - a scroll of fear {unknown}
 g - a scroll of identify {unknown}


   Skills:
 - Level 2.4 Dodging
 - Level 2.4 Stealth
 + Level 4.5 Spellcasting
 + Level 2.9 Conjurations
 + Level 4.0 Air Magic


You had 6 spell levels left.
You knew the following spells:

 Your Spells              Type           Power        Failure   Level
a - Shock                 Conj/Air       ###.         2%          1
b - Swiftness             Air            ###.....     3%          2
c - Static Discharge      Conj/Air       ###.....     9%          3

Your spell library contained the following spells:

 Spells                   Type           Power        Failure   Level
 Airstrike                Air            ###.......   22%         4
 Lightning Bolt           Conj/Air       ###.......   58%         5


Dungeon Overview and Level Annotations

Branches:
Dungeon (2/15)

Altars:


Message History

Casting: Shock (safe; 2% risk of failure)
Confirm with . or Enter, or press ? or * to list all spells.
Aiming: Shock (safe; 2% risk of failure)
Press: ? - help, Shift-Dir - straight line, f/p - ice beast
Aim: an ice beast (lightly wounded)
The zap hits the ice beast.
The ice beast is lightly wounded.
The ice beast hits you. The ice beast freezes you!
You start to feel a little slower.
You feel sluggish. The ice beast misses you. The ice beast barely misses you.
You start to feel a little faster.
The ice beast hits you but does no damage.
You no longer feel sluggish.
The ice beast misses you. The ice beast closely misses you.
The ice beast hits you. The ice beast freezes you!
Ouch! That really hurt!
You die...

##.## ##......... #..#
#..#....... #.## #.#........
#.# #.#......). ##.#
##.#........ #..#
#########...........
####.#######.........##........
#.......##...######..##..).....
#......>###..Y@.............[..
#.......# ####.##.....#########
#.......# #.#..##### #.......#
#...## #.......######.#######
#................(....
#.......##############
#.......# #########


You could see an ice beast.

Vanquished Creatures
  Jessica (D:2)
  A bullfrog skeleton (D:2)
  A worker ant (D:2)
  A worm (D:2)
  A leopard gecko (D:1)
  2 ball pythons (D:1)
  4 giant cockroaches
  7 kobolds
  5 bats
  A frilled lizard (D:2)
  7 goblins
  7 rats
38 creatures vanquished.

Notes
Turn   | Place    | Note
-------+----------+-------------------------------------------
     0 | D:1      | TigOlBitties the Deep Elf Air Elementalist began the quest
                  | for the Orb.
     0 | D:1      | Reached XP level 1. HP: 10/10 MP: 6/6
   662 | D:1      | Reached XP level 2. HP: 15/15 MP: 2/8
  1382 | D:2      | Noticed an ice beast
  1432 | D:2      | Reached XP level 3. HP: 19/19 MP: 8/10
  1493 | D:2      | Learned a level 2 spell: Swiftness
  1497 | D:2      | Learned a level 3 spell: Static Discharge
  1551 | D:2      | Noticed Jessica
  1562 | D:2      | Killed Jessica
  1812 | D:2      | Reached XP level 4. HP: 24/24 MP: 3/12
  2080 | D:2      | Slain by an ice beast

Illustrated notes

Levels and vault maps discovered:
D:1:      mrwooster_arrival_statue_3, layout_basic
D:2:      layout_rooms, uniq_jessica

Skill      XL: |  1  2  3  4 |
---------------+-------------+-----
Conjurations   | 2 |  2.9
Spellcasting   | 4 |  4.5
Air Magic      | 4 |  4.0
Dodging        | |  2.4
Stealth        | |  2.4

Action                   |  1- 3 |  4- 6 || total
-------------------------+-------+-------++-------
 Cast: Shock             |    82 |    14 ||    96
       Swiftness         |       |     1 ||     1
Armor: Robe              |     3 |     1 ||     4
Dodge: Dodged            |     7 |     6 ||    13

Table legend: (Time is in decaauts)
 A = Elapsed time spent in this place.
 B = Non-inter-level travel time spent in this place.
 C = Inter-level travel time spent in this place.
 D = Time resting spent in this place.
 E = Time spent auto-exploring this place.
 F = Levels seen in this place.
 G = Mean time per level.
                   A        B        C        D        E       F      G
               +--------+--------+--------+--------+--------+-----+--------+
         Total |   2082 |   2051 |     31 |   1065 |    632 |   2 | 1041.0 |
       Dungeon |   2082 |   2051 |     31 |   1065 |    632 |   2 | 1041.0 |
               +--------+--------+--------+--------+--------+-----+--------+

Top non-repeatable levels by time:
     D:1: 1429 daAuts
     D:2: 653 daAuts
